 Dungeon Crawl Stone Soup version 0.19-a0-1740-g0bcaf2e (webtiles) character file.

9318 graymark the Covert (level 11, -1/74 HPs)
             Began as an Octopode Assassin on Oct 2, 2016.
             Was an Initiate of Gozag.
             Impaled on a porcupine's spines (12 damage)
             ... on level 1 of the Lair of Beasts.
             The game lasted 01:41:10 (12070 turns).

graymark the Covert (Octopode Assassin)            Turns: 12070, Time: 01:41:11

Health: -1/74      AC:  3    Str: 12    XL:     11   Next: 44%
Magic:  17/17      EV: 20    Int: 20    God:    Gozag
Gold:   1210       SH:  0    Dex: 20    Spells: 3 memorised, 11 levels left

rFire  + . .     SeeInvis .     Y - +0 rapier (freeze)
rCold  + . .     Gourm    .     (no shield)
rNeg   . . .     Faith    .     l - +2 hat
rPois  .         Spirit   .     (no amulet)
rElec  .         Dismiss  .     n - +5 ring of intelligence
rCorr  .         Reflect  .     w - ring of stealth
MR     .....     Harm     .     i - ring of protection from cold
Stlth  ++++++++..               D - +2 ring of intelligence
                                J - ring of protection from fire
                                I - +4 ring of dexterity
                                (no ring)
                                (no ring)

@: no status effects
A: almost no armour, stealthy swim, amphibious, 8 rings, constrict 8, camouflage
1, gelatinous body 1
a: Potion Petition, Call Merchant, Bribe Branch, Renounce Religion


You were on level 1 of the Lair of Beasts.
You worshipped Gozag.
Gozag was most pleased with you.
You were not hungry.

You visited 2 branches of the dungeon, and saw 12 of its levels.

You collected 1789 gold pieces.
You spent 50 gold pieces at shops.
You paid 529 gold pieces to Gozag.

Inventory:

Hand Weapons
 r - a +0 blowgun
 v - a +1 dagger of electrocution
 F - the +1 flail "Luduc" {holy, +Fly rF+ Str+7}
   (You found it on level 6 of the Dungeon)

   It has been blessed by the Shining One to cause great damage to the undead
   and demons.
   It affects your strength (+7).
   It protects you from fire.
   It lets you fly.
 K - a +1 short sword of venom
 R - a +4 dagger
 V - a +0 hunting sling
 Y - a +0 rapier of freezing (weapon)
Missiles
 c - 11 poisoned needles (quivered)
 H - 22 sling bullets
 T - 4 javelins
Armour
 l - a +2 hat (worn)
Jewellery
 i - a ring of protection from cold (on tentacle)
 n - a +5 ring of intelligence (left tentacle)
 w - a ring of stealth (right tentacle)
 D - a +2 ring of intelligence (on tentacle)
 I - a +4 ring of dexterity (on tentacle)
 J - a ring of protection from fire (on tentacle)
Wands
 G - a wand of slowing (23/48)
 L - a wand of confusion (48/48)
 P - a wand of slowing (25/48)
 Q - a wand of confusion (15/48)
 X - a wand of iceblast (10/15)
Scrolls
 a - 2 scrolls of amnesia
 g - 2 scrolls of noise
 j - 2 scrolls of magic mapping
 k - a scroll of blinking {unknown}
 o - a scroll of teleportation
 p - a scroll of remove curse
 u - 2 scrolls of recharging
 y - 2 scrolls of fear
 B - a scroll of random uselessness {unknown}
 M - a scroll of immolation {unknown}
 O - a scroll of enchant armour
 S - a scroll of vulnerability {unknown}
 W - a scroll of acquirement {unknown}
Potions
 b - a potion of cancellation {unknown}
 d - a potion of curing {unknown}
 e - 2 potions of agility
 h - 2 potions of might {unknown}
 m - a potion of flight
 q - 2 potions of haste
 t - 4 potions of lignification
 x - a potion of cure mutation {unknown}
 z - 3 potions of invisibility
 A - 2 potions of ambrosia
 C - 2 potions of brilliance {unknown}
 N - 2 potions of magic {unknown}
Comestibles
 f - 9 bread rations
 s - a meat ration
 E - 3 slices of pizza
 U - a royal jelly


   Skills:
 + Level 6.4 Fighting
 + Level 8.9 Short Blades
 - Level 2.0 Throwing
 + Level 8.7 Dodging
 + Level 12.7 Stealth
 - Level 4.3 Spellcasting
 - Level 5.2 Translocations


You had 11 spell levels left.
You knew the following spells:

 Your Spells              Type           Power        Failure   Level  Hunger
a - Blink                 Tloc           N/A          2%          2    #......
b - Repel Missiles        Chrm/Air       #.....       21%         2    #......
c - Conjure Flame         Conj/Fire      #.......     38%         3    ###....


Dungeon Overview and Level Annotations

Branches:
Dungeon (11/15)            Temple (0/1) D:4            Lair (1/6) D:9
    Orc: D:9-12

Altars:
Ashenzari
Cheibriados
Fedhas
Gozag
Hepliaklqana
Nemelex Xobeh
Qazlal
Ru
Trog
Vehumet
Xom
Zin
The Shining One

Shops:
D:9 *

Annotations:
D:5 Grinder
D:7 Rationalist's ghost, novice MiGl
D:11 hairmachine's ghost, journeyman OgHu


Innate Abilities, Weirdness & Mutations

You cannot wear most types of armour.
You are very stealthy in the water.
You are amphibious.
You can wear up to eight rings at the same time.
You can use your tentacles to constrict eight enemies at once.
Your skin changes colour to match your surroundings (Stealth+).
Your rubbery body absorbs attacks. (AC +1, EV +1)


Message History

* * * LOW HITPOINT WARNING * * *
You hit the porcupine. You freeze the porcupine.
Your squeeze misses the porcupine.
The porcupine is moderately wounded.
The porcupine closely misses you.
You barely miss the porcupine.
The porcupine is moderately wounded.
The porcupine misses you.
You are struck by the porcupine's spines.
* * * LOW HITPOINT WARNING * * *
You hit the porcupine but do no damage. Your squeeze misses the porcupine.
The porcupine is moderately wounded.
The porcupine closely misses you.
You barely miss the porcupine. Your squeeze misses the porcupine.
The porcupine is moderately wounded.
The porcupine misses you.
Okay, then.
You are struck by the porcupine's spines.
You die...
Your body crumbles into a pile of gold.

#.....#...###.......
......#...##########.###
#.#####..###...........#
.######..##....##.......
..........#....#....##..
.........##..###.######.
######.......#....(..##.
#.#.#####.#....[##.
#.@.#......#)####..
##r####....###..... ...
###....#.....
##..#.######.######
#.................
.....#.#.......... .###.
#.......... # .#
##..#P###.. #.#######.


You could see a porcupine.

Vanquished Creatures
  Pikel (D:5)
  2 komodo dragons
  4 polar bears (Lair:1)
  2 hippogriffs
  5 blink frogs (Lair:1)
  3 yaks (D:9)
  Sigmund (D:5)
  4 hogs (D:9)
  A human (D:9)
  A basilisk (Lair:1)
  A steam dragon (D:8)
  A hungry ghost (D:8)
  A mottled dragon (D:9)
  A porcupine (Lair:1)
  An ice beast (D:6)
  A slave (D:5)
  2 sky beasts (D:9)
  6 orc warriors
  7 black bears
  A wasp (D:8)
  4 phantoms
  A centaur (D:5)
  6 ogres
  4 crocodiles
  A big kobold (D:8)
  6 bullfrogs
  2 scorpions
  A howler monkey (D:5)
  4 crimson imps
  A bullfrog zombie (D:8)
  A jelly (D:7)
  A quasit (D:6)
  A centaur skeleton (D:9)
  7 orc wizards
  A centaur zombie (D:6)
  2 orc priests
  2 hounds
  7 iguanas
  3 worker ants
  A hound zombie (D:4)
  A hound skeleton (D:7)
  3 gnolls (D:4)
  7 adders
  A shadow imp (D:6)
  4 oozes
  An adder zombie (D:5)
  An adder skeleton (D:6)
  2 worms (D:3)
  A dart slug (D:2)
  6 leopard geckos
  29 orcs
  3 giant cockroaches
  4 goblins
  6 hobgoblins
  7 jackals
  11 kobolds
  3 quokkas
  5 bats
  4 frilled lizards
  A goblin skeleton (D:8)
  A goblin zombie (D:8)
  4 hobgoblin zombies (D:8)
  A kobold skeleton (D:8)
  A kobold zombie (D:8)
  An orc skeleton (D:8)
  A quokka zombie (D:7)
  8 rats
  A fungus (Lair:1)
220 creatures vanquished.

Vanquished Creatures (others)
  3 slaves
  A hound (D:5)
  An iguana (D:5)
  A leopard gecko (D:5)
  An orc (D:6)
  A giant cockroach (D:6)
  A fungus (Lair:1)
  3 plants (Lair:1)
12 creatures vanquished.

Grand Total: 232 creatures vanquished

Notes
Turn   | Place    | Note
-------+----------+-------------------------------------------
     0 | D:1      | graymark the Octopode Assassin began the quest for the Orb.
     0 | D:1      | Reached XP level 1. HP: 14/14 MP: 1/1
   190 | D:1      | Reached XP level 2. HP: 19/19 MP: 2/2
   977 | D:2      | Reached XP level 3. HP: 24/24 MP: 3/3
  1061 | D:2      | Found a radiant altar of Vehumet.
  1085 | D:2      | Found a stormy altar of Qazlal.
  1622 | D:3      | Reached skill level 6 in Stealth
  1622 | D:3      | Reached XP level 4. HP: 30/30 MP: 4/4
  1706 | D:3      | Found an opulent altar of Gozag.
  1716 | D:3      | Became a worshipper of Gozag Ym Sagoz the Greedy
  2144 | D:3      | Reached XP level 5. HP: 36/36 MP: 5/5
  2770 | D:4      | Found a staircase to the Ecumenical Temple.
  2787 | D:4      | Noticed an ogre
  2937 | D:4      | Killed an ogre
  2937 | D:4      | Reached XP level 6. HP: 42/42 MP: 6/6
  3158 | D:4      | Found a hazy altar of Hepliaklqana.
  3532 | D:4      | Found a shattered altar of Ashenzari.
  3532 | D:4      | Found a shimmering altar of Xom.
  3532 | D:4      | Found a blossoming altar of Fedhas.
  3534 | D:4      | Reached skill level 7 in Stealth
  3749 | D:5      | Entered Level 5 of the Dungeon
  3775 | D:5      | Reached XP level 7. HP: 48/48 MP: 7/7
  3871 | D:5      | Noticed Pikel
  3908 | D:5      | Killed Pikel
  3908 | D:5      | Reached skill level 5 in Short Blades
  3908 | D:5      | Reached skill level 8 in Stealth
  3908 | D:5      | Reached XP level 8. HP: 34/54 MP: 8/8
  4060 | D:5      | Reached skill level 5 in Fighting
  4297 | D:5      | Noticed Grinder
  4328 | D:5      | Noticed Sigmund
  4340 | D:5      | Killed Sigmund
  4340 | D:5      | Reached skill level 5 in Dodging
  4902 | D:6      | Found a sacrificial altar of Ru.
  4941 | D:6      | Got a fine flail
  4977 | D:6      | Found a glowing drain.
  5030 | D:6      | Reached skill level 9 in Stealth
  5182 | D:6      | Reached XP level 9. HP: 58/62 MP: 9/9
  5819 | D:7      | Noticed Rationalist's ghost (novice MiGl)
  5828 | D:7      | Found a bloodstained altar of Trog.
  5990 | D:7      | Found a sparkling altar of Nemelex Xobeh.
  6076 | D:7      | Learned a level 2 spell: Blink
  6079 | D:7      | Learned a level 2 spell: Repel Missiles
  6489 | D:7      | Reached skill level 10 in Stealth
  6489 | D:7      | Reached skill level 1 in Spellcasting
  6529 | D:7      | Reached skill level 1 in Translocations
  7626 | D:8      | Found a shimmering altar of Xom.
  7636 | D:8      | Reached XP level 10. HP: 61/68 MP: 12/12
  7779 | D:8      | Reached skill level 11 in Stealth
  7904 | D:8      | Found a glowing golden altar of the Shining One.
  8324 | D:8      | Identified the +1 flail "Luduc" {holy, +Fly rF+ Str+7} (You found it on level 6 of the Dungeon)
  8617 | D:9      | Learned a level 3 spell: Conjure Flame
  8850 | D:9      | You fall through a shaft for 2 floors!
  9031 | D:11     | Noticed hairmachine's ghost (journeyman OgHu)
  9036 | D:10     | Entered Level 10 of the Dungeon
  9036 | D:10     | Found a stormy altar of Qazlal.
  9334 | D:9      | Bought a bread ration for 50 gold pieces
  9785 | D:9      | Found a glowing silver altar of Zin.
  9785 | D:9      | Found a snail-covered altar of Cheibriados.
 10330 | D:9      | Found a staircase to the Lair.
 10333 | D:9      | Reached skill level 12 in Stealth
 10757 | Lair:1   | Entered Level 1 of the Lair of Beasts
 10869 | Lair:1   | Reached XP level 11. HP: 59/72 MP: 15/17
 11643 | Lair:1   | Reached skill level 5 in Translocations
 12070 | Lair:1   | Impaled on a porcupine's spines

Vault maps used:
D:1:      co_arrival_square_in_a_square_in_a_square, nrook_mini_vaults,
          minivault_14
D:2:      lemuel_round_altar, overflow_temple_1_default
D:3:      grunt_gozag_breadcrumbs
D:4:      minmay_door_path, lemuel_coloured_pillars_altar,
          gammafunk_temple_overflow_forgotten, first_bread
D:5:      hex_intersection, kennysheep_generic_room_6, uniq_sigmund, uniq_pikel,
          uniq_grinder
D:6:      nicolae_ru_sacrificial_ziggurat, portal_sewer_entry_a,
          minmay_misc_feat_chi
D:7:      kennysheep_mini_moat, kennysheep_little_box
D:8:      basic_altar, nicolae_tso_besieged_by_evil
D:9:      gammafunk_temple_overflow_wave, erik_lair_dragon,
          minmay_misc_feat_pillars, grunt_livestock
D:10:     basic_altar
D:11:     hiddenorc2_lemuel, kennysheep_generic_room_16
Lair:1:   beast_lair_carwin_large_3

Skill      XL: |  1  2  3  4  5  6  7  8  9 10 11 |
---------------+----------------------------------+-----
Dodging        | 2 3 4 5 6 8 |  8.7
Stealth        | 6 7 8 9 10 12 | 12.7
Short Blades   | 3 4 5 6 7 8 |  8.9
Fighting       | 3 4 5 6 |  6.4
Spellcasting   | 1 4 |  4.3
Translocations | 2 4 5 |  5.2
Throwing       | |  2.0

Action                   |  1- 3 |  4- 6 |  7- 9 | 10-12 || total
-------------------------+-------+-------+-------+-------++-------
Melee: Dagger            |    54 |    66 |   127 |     2 ||   249
       Tentacles         |     5 |    15 |    56 |    90 ||   166
       Constrict         |    11 |    13 |    45 |    50 ||   119
       Short sword       |       |       |    96 |   203 ||   299
       Rapier            |       |       |       |   110 ||   110
 Fire: Blowgun           |       |    16 |    53 |    15 ||    84
 Cast: Blink             |       |       |       |     2 ||     2
Invok: Call Merchant     |       |       |       |     1 ||     1
  Use: Scroll            |       |     6 |     3 |     7 ||    16
 Stab: Sleeping          |    17 |    14 |    12 |    12 ||    55
       Distracted        |     1 |       |     1 |     2 ||     4
  Eat: Chunk             |     2 |       |       |       ||     2
       Royal jelly       |       |     1 |       |       ||     1
       Fruit             |       |     4 |     4 |       ||     8
       Bread ration      |       |       |     1 |     1 ||     2
       Meat ration       |       |       |     1 |       ||     1
       Pizza             |       |       |       |     5 ||     5
       Beef jerky        |       |       |       |     3 ||     3
Armor: Skin              |     4 |       |     9 |    13 ||    26
Dodge: Dodged            |    20 |    31 |   128 |   190 ||   369
